 Dungeon Crawl Stone Soup version 0.22.1-2-g9c5b331 (webtiles) character file.

50417 ubloh the Severer (level 14, -19/121 HPs)
             Began as a Formicid Fighter on Dec 19, 2018.
             Was a High Priest of Okawaru.
             Demolished by Rupert
             ... wielding a +4 battleaxe of venom
              (20 damage)
             ... on level 12 of the Dungeon.
             The game lasted 01:39:26 (26262 turns).

ubloh the Severer (Formicid Fighter)               Turns: 26262, Time: 01:39:26

Health: -19/121    AC: 21    Str: 24    XL:     14   Next: 97%
Magic:  21/21      EV:  8    Int: 10    God:    Okawaru [*****.]
Gold:   1275       SH: 11    Dex: 10    Spells: 13/13 levels left

rFire    . . .     SeeInvis +   a - +0 battleaxe
rCold    + . .     Gourm    .   c - +0 shield
rNeg     + . .     Faith    .   K - +6 plate armour "Joserehi" {rC+}
rPois    .         Spirit   .   (helmet unavailable)
rElec    .         Reflect  .   y - scarf {cloud immunity} {god gift}
rCorr    .         Harm     .   D - +0 pair of gloves {archery}
MR       +....                  B - +0 pair of boots
Stlth    ..........             (no amulet)
HPRegen  0.30/turn              g - ring of positive energy
MPRegen  0.17/turn              (no ring)

@: lethally poisoned (-19 -> -27), very slightly contaminated, drained,
invisible
A: permanent stasis, dig shafts and tunnels, four strong arms, antennae 3
a: Dig, Shaft Self, Heroism, Finesse, Renounce Religion


You were on level 12 of the Dungeon.
You worshipped Okawaru.
Okawaru was extremely pleased with you.
You were hungry.

You visited 3 branches of the dungeon, and saw 19 of its levels.

You collected 1275 gold pieces.

Inventory:

Hand Weapons
 a - a +0 battleaxe (weapon)
 b - the +2 mace of War {flame, Dex+3}
   (You found it on level 6 of the Lair of Beasts)

   It has been specially enchanted to burn those struck by it, causing extra
   injury to most foes and up to half again as much damage against particularly
   susceptible opponents.
   It affects your dexterity (+3).
Missiles
 F - 3 throwing nets (quivered)
Armour
 c - a +0 shield (worn)
 y - a scarf of cloud immunity (worn) {god gift}
 B - a +0 pair of boots (worn)
 D - a +0 pair of gloves of archery (worn)
 K - the +6 plate armour "Joserehi" (worn) {rC+}
   (You found it on level 9 of the Dungeon)

   It protects you from cold.
Jewellery
 g - a ring of positive energy (left hand)
 o - an uncursed ring of fire
Wands
 k - a wand of scattershot (9)
 u - a wand of flame (81)
 w - a wand of enslavement (70)
 E - a wand of acid (11)
 M - a wand of paralysis (24)
 N - a wand of iceblast (10)
 O - a wand of polymorph (7)
Scrolls
 e - 7 scrolls of magic mapping
 h - a scroll of random uselessness {unknown}
 i - 7 scrolls of remove curse
 l - 4 scrolls of fog
 m - 4 scrolls of enchant armour
 n - a scroll of brand weapon {unknown}
 t - 3 scrolls of fear
 z - 3 scrolls of immolation
 A - a scroll of summoning {unknown}
 G - a scroll of silence {unknown}
 H - 4 scrolls of enchant weapon
Potions
 d - 4 potions of heal wounds
 j - 2 potions of resistance
 p - a potion of degeneration {unknown}
 q - 4 potions of curing
 r - a potion of mutation {unknown}
 v - 2 potions of agility
 x - a potion of lignification {unknown}
 C - a potion of cancellation {unknown}
 J - a potion of brilliance {unknown}
Comestibles
 f - 24 rations
 I - 3 chunks of flesh


   Skills:
 + Level 14.3(14.2) Fighting
 * Level 16.6(16.5) Axes
 * Level 6.8(6.7) Armour
 * Level 4.8(4.7) Dodging
 - Level 7.0(6.9) Shields
 - Level 10.0(9.9) Invocations


You had 13 spell levels left.
You didn't know any spells.
Your spell library was empty.

Dungeon Overview and Level Annotations

Branches:
Dungeon (12/15)            Temple (1/1) D:5            Lair (6/6) D:10
 Shoals (0/4) Lair:2        Snake (0/4) Lair:2        Slime (0/5) Lair:6
    Orc (0/2) D:12

Altars:
Ashenzari
Cheibriados
Dithmenos
Elyvilon
Fedhas
Gozag
Hepliaklqana
Kikubaaqudgha
Makhleb
Nemelex Xobeh
Okawaru
Qazlal
Ru
Sif Muna
Trog
Uskayaw
Vehumet
Wu Jian
Xom
Yredelemnul
Zin
The Shining One

Shops:
D:8 }

Annotations:
D:12 Rupert
Lair:2 3 runed doors, buskinjo's ghost, adept MiHu
Lair:4 exclusion: ice statue


Innate Abilities, Weirdness & Mutations

You cannot be hasted, slowed, berserked, paralysed or teleported.
You can dig through walls and to a lower floor.
Your four strong arms can wield two-handed weapons with a shield.
You have a pair of large antennae on your head. (SInv)


Message History

* * * LOW HITPOINT WARNING * * *
You feel sick.
Press: ? - help, v - describe, . - travel
Here: Rupert, wielding a battleaxe of venom and wearing a ring mail (lightly The floor, spattered with blood.
Unknown command.
Unknown command.
Fire/throw which item? (* to show all) (? for menu, Esc to quit)
Okay, then.
Unknown command.
Unknown command.
Unknown command.
Throwing (i - inventory)
F - 4 throwing nets (quivered)
Press: ? - help, Shift-Dir - straight line, f - Rupert
Aim: Rupert, wielding a battleaxe of venom and wearing a ring mail (lightly You throw a throwing net.
The throwing net barely misses Rupert.
* * * LOW HITPOINT WARNING * * *
You feel sick.
Rupert hits you with a battleaxe of venom!!
You die...

#(.......#......##.....# #
#..?.....#......##.....#
#........#......##.....# #
#.)......#......##.....####
#(..>....#.............#...
#........#...........)...8.
#.(......#.............#...
#.(......#####'###.....####
...###(#####.@......#.....##..
........(...#@######.########..
............#.# #.########..
............#.######.#....(##..
............'........#.........
....##......#........#.........
#... ########........#.........
#.. ###'######.........
#.......#########..


You could see Rupert (berserk).

Vanquished Creatures
  Gastronok (Lair:1)
  5 dire elephants (Lair:6)
  Harold (D:9)
  A hydra (Lair:1)
  An ice dragon (Lair:4)
  Erica (D:9)
  2 two-headed ogres
  An anaconda (Lair:6)
  3 death yaks (Lair:4)
  Urug (Lair:4)
  2 fire crabs (Lair:5)
  2 unseen horrors (D:11)
  An ugly thing (D:12)
  9 elephants (Lair:6)
  Maurice (D:8)
  2 black mambas (Lair:5)
  Joseph (D:8)
  Psyche (D:8)
  14 spiny frogs
  4 komodo dragons
  A troll (D:11)
  3 polar bears
  12 blink frogs
  9 slime creatures (D:12)
  3 hornets (Lair:4)
  11 dream sheep (Lair:6)
  8 hippogriffs
  A snapping turtle (Lair:2)
  6 yaks
  13 spriggans
  2 wyverns
  A basilisk (Lair:2)
  A hungry ghost (D:12)
  17 water moccasins
  4 nagas (Lair:2)
  5 porcupines
  2 phantoms
  A hornet zombie (D:12)
  4 orc warriors
  The ghost of lysyklops the Skirmisher, an amateur MiFi (D:3)
  12 ice beasts
  4 ogres
  5 sky beasts
  4 necrophages
  2 boggarts (Lair:4)
  6 wolves (Lair:5)
  2 centaurs
  17 crocodiles
  2 big kobolds
  A gnoll sergeant (D:8)
  19 bullfrogs
  A wyvern zombie (D:9)
  A scorpion (D:6)
  4 wights (D:7)
  5 electric eels
  3 howler monkeys (D:10)
  3 crimson imps
  A quasit (D:10)
  2 jellies
  Crazy Yiuf (D:6)
  7 orc priests
  A gnoll shaman (D:7)
  10 hounds
  19 orc wizards
  5 bullfrog skeletons
  A centaur skeleton (D:7)
  Natasha (thrice) (D:2)
  6 iguanas
  5 worker ants
  A killer bee zombie (D:6)
  3 hound skeletons
  A howler monkey zombie (D:5)
  12 gnolls
  A howler monkey skeleton (D:5)
  11 adders
  7 shadow imps
  2 white imps (Lair:4)
  An ooze (D:3)
  2 adder skeletons
  2 adder zombies
  A dart slug (D:3)
  7 leopard geckos
  47 orcs
  3 bats
  5 giant cockroaches
  9 goblins
  10 hobgoblins
  7 jackals
  15 kobolds
  9 quokkas
  4 ball pythons
  6 frilled lizards
  A jackal skeleton (D:7)
  A leopard gecko skeleton (D:6)
  2 quokka skeletons (D:4)
  3 rats
  6 fungi
  6 plants
496 creatures vanquished.

Vanquished Creatures (others)
  A boggart (Lair:4)
  A bullfrog (D:6)
  A hound (D:6)
  A leopard gecko (D:6)
  A quokka (D:6)
  A bush (Lair:6)
  12 fungi
  7 plants
25 creatures vanquished.

Grand Total: 521 creatures vanquished

Notes
Turn   | Place    | Note
-------+----------+-------------------------------------------
     0 | D:1      | ubloh the Formicid Fighter began the quest for the Orb.
     0 | D:1      | Reached XP level 1. HP: 18/18 MP: 1/1
   356 | D:1      | Reached XP level 2. HP: 24/24 MP: 2/2
  1085 | D:2      | Found an opulent altar of Gozag.
  1255 | D:2      | Reached XP level 3. HP: 30/30 MP: 3/3
  1285 | D:2      | Reached skill level 3 in Axes
  1397 | D:2      | Reached XP level 4. HP: 29/37 MP: 4/4
  1604 | D:2      | Noticed Natasha
  1613 | D:2      | Killed Natasha
  1613 | D:2      | Reached skill level 4 in Axes
  1613 | D:2      | Reached XP level 5. HP: 32/43 MP: 5/5
  1691 | D:2      | Noticed Natasha
  1705 | D:2      | Killed Natasha
  1767 | D:2      | Found an ornate altar of the Wu Jian Council.
  1871 | D:2      | Noticed Natasha
  1888 | D:2      | Killed Natasha
  2405 | D:3      | Noticed lysyklops's ghost (amateur MiFi)
  2415 | D:3      | Found a runed door.
  2733 | D:3      | Reached XP level 6. HP: 49/49 MP: 6/6
  2820 | D:3      | Reached skill level 5 in Axes
  2822 | D:3      | Reached skill level 5 in Fighting
  3207 | D:4      | Reached XP level 7. HP: 40/56 MP: 7/7
  3506 | D:4      | Reached skill level 6 in Axes
  4082 | D:4      | Reached skill level 7 in Axes
  4345 | D:4      | Reached XP level 8. HP: 62/64 MP: 8/8
  4521 | D:5      | Entered Level 5 of the Dungeon
  4654 | D:5      | Found a glowing golden altar of the Shining One.
  4826 | D:5      | Reached skill level 8 in Axes
  5052 | D:5      | Found a staircase to the Ecumenical Temple.
  5061 | Temple   | Entered the Ecumenical Temple
  5478 | D:5      | Found an ancient bone altar of Kikubaaqudgha.
  5480 | D:5      | Found a hide-covered altar of Uskayaw.
  5480 | D:5      | Found an iron altar of Okawaru.
  5545 | D:5      | Found a stormy altar of Qazlal.
  5907 | D:6      | Found a shimmering altar of Xom.
  6269 | D:5      | Became a worshipper of Warmaster Okawaru
  6294 | D:6      | Reached XP level 9. HP: 56/72 MP: 9/9
  6490 | D:6      | Reached skill level 9 in Axes
  6575 | D:6      | Found a runed door.
  6579 | D:6      | Noticed Crazy Yiuf
  6586 | D:6      | Killed Crazy Yiuf
  6690 | D:6      | Found a sacrificial altar of Ru.
  7535 | D:7      | Reached * piety under Okawaru
  7572 | D:7      | Found a sparkling altar of Nemelex Xobeh.
  7883 | D:7      | Found a shadowy altar of Dithmenos.
  7921 | D:7      | Reached skill level 10 in Axes
  8609 | D:7      | Reached ** piety under Okawaru
  8714 | D:8      | Reached XP level 10. HP: 45/80 MP: 10/10
  9031 | D:8      | Reached skill level 11 in Axes
  9089 | D:8      | Noticed Maurice
  9109 | D:8      | Noticed Psyche
  9123 | D:8      | Killed Psyche
  9432 | D:8      | Noticed Joseph
  9761 | D:8      | Killed Joseph
  9761 | D:8      | Reached *** piety under Okawaru
  9920 | D:8      | Found Haenuino's Gadget Shop.
  9933 | D:8      | Found a burning altar of Makhleb.
 10256 | D:8      | Reached skill level 12 in Axes
 10336 | D:9      | Found a white marble altar of Elyvilon.
 10365 | D:9      | Noticed Harold
 10403 | D:9      | Killed Harold
 10403 | D:9      | Reached skill level 10 in Fighting
 10622 | D:9      | Reached XP level 11. HP: 84/92 MP: 11/11
 10863 | D:3      | Killed lysyklops's ghost
 11057 | D:8      | Found Haenuino's Gadget Shop.
 11581 | D:8      | Killed Maurice
 11671 | D:8      | Found a burning altar of Makhleb.
 11754 | D:9      | Noticed Erica
 11772 | D:9      | Killed Erica
 11772 | D:9      | Reached **** piety under Okawaru
 11772 | D:9      | Reached skill level 13 in Axes
 11857 | D:9      | Got a ruby-encrusted plate armour
 11868 | D:9      | Identified the +6 plate armour "Joserehi" {rC+} (You found
                  | it on level 9 of the Dungeon)
 11978 | D:9      | Found a hide-covered altar of Uskayaw.
 12193 | D:10     | Entered Level 10 of the Dungeon
 12612 | D:10     | Found a staircase to the Lair.
 12636 | D:10     | Noticed a wolf spider
 12658 | D:10     | Noticed a tengu warrior
 12659 | D:10     | Noticed a skeletal warrior
 12930 | Lair:1   | Entered Level 1 of the Lair of Beasts
 13077 | Lair:1   | Reached skill level 1 in Invocations
 13408 | Lair:1   | Noticed a six-headed hydra
 13427 | Lair:1   | Killed a six-headed hydra
 13427 | Lair:1   | Reached ***** piety under Okawaru
 13992 | Lair:1   | Received a gift from Okawaru
 14131 | Lair:1   | Noticed Gastronok
 14155 | Lair:1   | Killed Gastronok
 14155 | Lair:1   | Received a gift from Okawaru
 14155 | Lair:1   | Reached skill level 14 in Axes
 14155 | Lair:1   | Reached skill level 5 in Invocations
 14155 | Lair:1   | Reached XP level 12. HP: 100/102 MP: 13/15
 14286 | Lair:2   | Found a runed gate.
 14288 | Lair:2   | Found a runed gate.
 14289 | Lair:2   | Found a runed gate.
 14292 | Lair:2   | Noticed a minotaur
 14293 | Lair:2   | Noticed buskinjo's ghost (adept MiHu)
 14515 | Lair:2   | Found a staircase to the Shoals.
 15720 | Lair:2   | Found a staircase to the Snake Pit.
 17515 | Lair:4   | Noticed a spriggan rider
 17658 | Lair:4   | Reached skill level 15 in Axes
 17677 | Lair:4   | Noticed a spriggan rider
 17691 | Lair:4   | Killed a spriggan rider
 17701 | Lair:4   | Reached XP level 13. HP: 80/109 MP: 1/18
 17896 | Lair:4   | Received a gift from Okawaru
 18325 | Lair:4   | Noticed Urug
 18349 | Lair:4   | Killed Urug
 18597 | Lair:4   | Noticed an ice dragon
 18623 | Lair:4   | Killed an ice dragon
 19562 | Lair:5   | Reached skill level 16 in Axes
 19667 | Lair:5   | Received a gift from Okawaru
 20702 | Lair:5   | Reached skill level 1 in Dodging
 20956 | Lair:6   | Entered Level 6 of the Lair of Beasts
 21824 | Lair:6   | Reached XP level 14. HP: 107/119 MP: 21/21
 22103 | Lair:6   | Reached skill level 5 in Shields
 22277 | Lair:6   | Found a staircase to the Slime Pits.
 22439 | Lair:6   | Reached skill level 5 in Armour
 22869 | Lair:6   | Noticed a dire elephant
 23049 | Lair:6   | Killed a dire elephant
 23207 | Lair:6   | Noticed a dire elephant
 23207 | Lair:6   | Noticed a dire elephant
 23226 | Lair:6   | Killed a dire elephant
 23226 | Lair:6   | Killed a dire elephant
 23226 | Lair:6   | Received a gift from Okawaru
 23409 | Lair:6   | Got a transparent mace
 23413 | Lair:6   | Identified the +2 mace of War {flame, Dex+3} (You found it
                  | on level 6 of the Lair of Beasts)
 23470 | Lair:6   | Noticed a dire elephant
 23483 | Lair:6   | Killed a dire elephant
 23931 | Lair:6   | Noticed a dire elephant
 23945 | Lair:6   | Killed a dire elephant
 25038 | D:11     | Reached skill level 10 in Invocations
 25469 | D:12     | Found a staircase to the Orcish Mines.
 26232 | D:12     | Noticed Rupert
 26260 | D:12     | HP: 3/121 [Rupert/battleaxe of venom (10)]
 26262 | D:12     | HP: 1/121 [poisoned by Rupert]
 26262 | D:12     | Demolished by Rupert

Skill      XL: |  1  2  3  4  5  6  7  8  9 10 11 12 13 14 |
---------------+-------------------------------------------+-----
Axes           | 3 4 5 7 8 10 12 14 15 16 | 16.6
Fighting       | 4 5 6 7 8 10 12 13 14 | 14.3
Invocations    | 5 7 9 10 | 10.0
Shields        | 4 7 |  7.0
Dodging        | 2 4 |  4.8
Armour         | 4 6 |  6.8

Action                   |  1- 3 |  4- 6 |  7- 9 | 10-12 | 13-15 || total
-------------------------+-------+-------+-------+-------+-------++-------
Melee: War axe           |    76 |   119 |   415 |   171 |       ||   781
       Great mace        |       |    51 |    29 |     9 |       ||    89
       Broad axe         |       |       |       |   150 |       ||   150
       Battleaxe         |       |       |       |   343 |   798 ||  1141
Throw: Throwing net      |       |       |       |       |     1 ||     1
Invok: Heroism           |       |       |       |    16 |    24 ||    40
       Finesse           |       |       |       |       |     9 ||     9
  Use: Potion            |       |     1 |       |     1 |     5 ||     7
       Scroll            |       |       |       |    11 |     4 ||    15
 Stab: Paralysed         |       |       |     1 |       |       ||     1
       Invisible         |       |       |       |       |     3 ||     3
  Eat: Chunk             |     1 |     7 |    10 |    20 |    27 ||    65
       Ration            |       |       |     2 |     3 |       ||     5
Armor: Scale mail        |    17 |       |       |       |       ||    17
       Chain mail        |    11 |    86 |   166 |    59 |       ||   322
       Plate armour      |       |       |       |   198 |   305 ||   503
Dodge: Dodged            |    12 |    30 |    95 |   118 |   127 ||   382
Block: Shield            |    28 |    81 |   162 |   263 |   335 ||   869
